 Dungeon Crawl Stone Soup version 0.31.0-4-g52a2dc7128 (webtiles) character file.

Game seed: 3708266722328182659

223 Colgate the Shooter (level 6, -11/34 (38) HPs)
             Began as an Octopode Hexslinger on Jan 22, 2024.
             Was a Follower of Dithmenos.
             Mangled by Edmund
             ... wielding a +3 flail of draining
              (15 damage)
             ... on level 4 of the Dungeon.
             The game lasted 00:16:15 (3006 turns).

Colgate the Shooter (Octopode Hexslinger)           Turns: 3006, Time: 00:16:15

HP:   -11/34 (38)   AC:  1    Str: 14    XL:     6   Next: 0%
MP:   4/10          EV: 13    Int: 17    God:    Dithmenos [*.....]
Gold: 68            SH:  0    Dex: 14    Spells: 6/11 levels left

rFire   . . .        a - +1 sling
rCold   . . .        (no shield)
rNeg    . . .        (helmet restricted)
rPois   .            (no amulet)
rElec   .            m - +6 ring of strength
rCorr   .            (no ring)
SInv    .            (no ring)
Will    .....        (no ring)
Stlth   ++++         (no ring)
HPRegen 0.25/turn    (no ring)
MPRegen 0.12/turn    (no ring)
                     (no ring)

%: no passive effects
@: weak-willed, wreathed by umbra, heavily drained
A: almost no armour, amphibious, 8 rings, camouflage 1, gelatinous body 1,
(nimble swimmer 1), tentacles
a: Renounce Religion


You were on level 4 of the Dungeon.
You worshipped Dithmenos.
Dithmenos was aware of your devotion.
You visited 1 branch of the dungeon, and saw 4 of its levels.

You collected 68 gold pieces.

Inventory:

Hand Weapons
 a - a +1 sling (weapon)
Jewellery
 m - a +6 ring of strength (left tentacle)
Wands
 h - a wand of flame (14)
Scrolls
 d - a scroll of silence {unknown}
 f - a scroll of vulnerability {unknown}
 g - a scroll of fog
 j - a scroll of teleportation {unknown}
 l - a scroll of noise {unknown}
Potions
 b - a potion of mutation {unknown}
 c - 2 potions of lignification {unknown}
 e - 2 potions of curing {unknown}
 i - a potion of haste {unknown}


   Skills:
 - Level 1.0 Fighting
 - Level 4.0 Ranged Weapons
 - Level 2.0 Dodging
 - Level 3.2 Stealth
 - Level 3.0 Spellcasting
 - Level 3.0 Hexes
 + Level 2.0 Fire Magic


You had 6 spell levels left.
You knew the following spells:

 Your Spells              Type           Power      Damage    Failure   Level
a - Jinxbite              Hex            24%        N/A       8%          2
b - Inner Flame           Hex/Fire       11%        N/A       19%         3

Your spell library contained the following spells:

 Spells                   Type           Power      Damage    Failure   Level
 Ensorcelled Hibernation  Hex/Ice        14%        N/A       14%         2
 Sigil of Binding         Hex            12%        N/A       16%         3
 Tukima's Dance           Hex            12%        N/A       16%         3
 Fugue of the Fallen      Necr           2%         N/A       45%         3
 Passwall                 Erth           2%         N/A       45%         3
 Swiftness                Air            2%         N/A       45%         3
 Cause Fear               Hex            6%         N/A       45%         4
 Anguish                  Hex/Necr       3%         N/A       67%         4
 Dimensional Bullseye     Hex/Tloc       3%         N/A       67%         4
 Flame Wave               Conj/Fire      6%         2d5       75%         4
 Sticky Flame             Fire/Alch      6%         2d4       75%         4
 Passage of Golubria      Tloc           2%         N/A       86%         4
 Yara's Violent Unravell  Hex/Alch       3%         3d4       95%         5


Dungeon Overview and Level Annotations

Branches:
Dungeon (4/15)
 Temple: D:4-7

Altars:
Dithmenos
Qazlal

Annotations:
D:4 Edmund


Innate Abilities, Weirdness & Mutations

You cannot wear most types of armour.
You are amphibious.
You can wear up to eight rings at the same time.
Your skin changes colour to match your surroundings (Stealth+).
Your rubbery body absorbs attacks. (AC +1, EV +1)
((You are camouflaged when in or above water. (Stealth+)))
You have tentacles for arms and can constrict up to eight enemies at once.


Message History

Aim: Edmund, wielding a +3 flail of draining and wearing a +0 scale mail (heavily wounded, umbra, 63% to hit)
You shoot a sling bullet.
The sling bullet hits Edmund but does no damage.
Edmund barely misses you.
Fire: a) +1 sling
Press: ? - help, Q - select action, (/) - cycle Shift-Dir - straight line, f/p - Edmund
Aim: Edmund, wielding a +3 flail of draining and wearing a +0 scale mail (heavily wounded, umbra, 63% to hit)
You shoot a sling bullet.
The sling bullet hits Edmund but does no damage.
Edmund gestures with his flail.
Edmund barely misses you.
Fire: a) +1 sling
Press: ? - help, Q - select action, (/) - cycle Shift-Dir - straight line, f/p - Edmund
Aim: Edmund, wielding a +3 flail of draining and wearing a +0 scale mail (heavily wounded, umbra, 63% to hit)
You shoot a sling bullet.
The sling bullet completely misses Edmund.
Edmund says, "People accused me of being a cutpurse!"
Edmund closely misses you.
Fire: a) +1 sling
Press: ? - help, Q - select action, (/) - cycle Shift-Dir - straight line, f/p - Edmund
Aim: Edmund, wielding a +3 flail of draining and wearing a +0 scale mail (heavily wounded, umbra, 63% to hit)
You shoot a sling bullet. The sling bullet hits Edmund!
Edmund barely misses you.
Edmund hits you with a +3 flail of draining!
* * * LOW HITPOINT WARNING * * *
You feel drained.
* * * LOW HITPOINT WARNING * * *
Fire: a) +1 sling
Press: ? - help, Q - select action, (/) - cycle Shift-Dir - straight line, f/p - Edmund
Aim: Edmund, wielding a +3 flail of draining and wearing a +0 scale mail (heavily wounded, umbra, 63% to hit)
You shoot a sling bullet.
The sling bullet hits Edmund but does no damage.
Edmund completely misses you.
Fire: a) +1 sling
Press: ? - help, Q - select action, (/) - cycle Shift-Dir - straight line, f/p - Edmund
Aim: Edmund, wielding a +3 flail of draining and wearing a +0 scale mail (heavily wounded, umbra, 63% to hit)
You shoot a sling bullet. The sling bullet closely misses Edmund.
Edmund hits you with a +3 flail of draining!
You die...
Edmund whines, "They better pay attention to me now!"

#.###.##.## ##.##
#.#.......# #.#
#.........# #.#
###.#.###.# #+# #.#.#
#.# #...#####
#.##.#############
#.#.###....#'#'#'#'#'#'#
......@@................
..#.###.#...####........
#.##.## ##....... #.####
##.....# #..# ##...##
##.# ##'## #.# #.# #.#
#.### #.# ##### ##....


You could see Edmund.

Vanquished Creatures
  A black bear (D:4)
  A bombardier beetle (D:4)
  Robin (D:3)
  2 adders (D:2)
  A dart slug (D:1)
  2 ribbon worms
  8 ball pythons
  3 bats
  5 endoplasms (D:1)
  2 giant cockroaches (D:1)
  16 goblins
  5 hobgoblins
  7 kobolds
  2 quokkas
  2 frilled lizards (D:2)
  4 rats
62 creatures vanquished.

Notes
Turn   | Place    | Note
-------+----------+-------------------------------------------
     0 | D:1      | Colgate the Octopode Hexslinger began the quest for the
                  | Orb.
     0 | D:1      | Reached XP level 1. HP: 13/13 MP: 2/2
    59 | D:1      | Reached skill level 1 in Stealth
    86 | D:1      | Reached XP level 2. HP: 18/18 MP: 3/3
   102 | D:1      | Learned a level 2 spell: Jinxbite
   344 | D:1      | Reached skill level 3 in Ranged Weapons
   396 | D:1      | Reached XP level 3. HP: 23/23 MP: 4/4
   513 | D:1      | Found a faded altar of an unknown god.
   521 | D:1      | Prayed at the altar of an unknown god.
   521 | D:1      | Became a worshipper of Dithmenos the Shadowed
   521 | D:1      | Reached * piety under Dithmenos
  1095 | D:2      | Reached skill level 4 in Ranged Weapons
  1162 | D:2      | Reached XP level 4. HP: 28/28 MP: 2/5
  1792 | D:3      | Found a stormy altar of Qazlal.
  2050 | D:3      | Noticed Robin
  2285 | D:3      | Killed Robin
  2543 | D:4      | Noticed a black bear
  2558 | D:4      | Killed a black bear
  2559 | D:4      | Reached XP level 5. HP: 33/33 MP: 4/9
  2664 | D:4      | Noticed Edmund
  2666 | D:4      | Learned a level 3 spell: Inner Flame
  2877 | D:4      | Reached XP level 6. HP: 38/38 MP: 10/10
  3006 | D:4      | Mangled by Edmund

Illustrated notes

Levels and vault maps discovered:
D:1:      tarquinn_simple_flora_water_c, layout_loops_ring,
          nicolae_ecumenical_snake_handling
D:2:      layout_loops_ring
D:3:      layout_rooms, nicolae_qazlal_eye_of_the_storm,
          hangedman_decor_growths, uniq_robin
D:4:      layout_loops_corners, minmay_temple_entry_enclosed_plants,
          serial_park_tiny_pond, serial_library_hellmonk_filled_rooms,
          uniq_edmund

Skill      XL: |  1  2  3  4  5 |
---------------+----------------+-----
Stealth        | 1 3 |  3.2
Ranged Weapons | 3 4 |  4.0
Spellcasting   | 3 |  3.0
Fire Magic     | 2 |  2.0
Fighting       | |  1.0
Dodging        | |  2.0
Hexes          | |  3.0

Action                     |  1- 3 |  4- 6 || total
---------------------------+-------+-------++-------
   Fire: Sling             |    95 |    80 ||   175
   Cast: Jinxbite          |     9 |    11 ||    20
         Inner Flame       |       |     2 ||     2
    Use: Scroll            |       |     2 ||     2
 Armour: Skin              |    18 |    10 ||    28
  Dodge: Dodged            |    43 |    19 ||    62
